 Dungeon Crawl Stone Soup version 0.24-a0-368-g0e0cebd0f3 (console) character file.

Game seed: 8912359174351144127

1466 Lexodia the Ruffian (level 8, -9/78 HPs)
             Began as a Troll Monk on May 29, 2019.
             Was a Believer of Okawaru.
             Killed by divine providence
             ... invoked by an orc priest
              (12 damage)
             ... on level 6 of the Dungeon.
             The game lasted 00:10:06 (3734 turns).

Lexodia the Ruffian (Troll Monk)                    Turns: 3734, Time: 00:10:07

Health: -9/78      AC:  9    Str: 22    XL:     8   Next: 48%
Magic:  17/25      EV: 14    Int:  6    God:    Okawaru [**....]
Gold:   182        SH:  0    Dex: 12    Spells: 7/7 levels left

rFire    . . .     SeeInvis .     - Unarmed
rCold    . . .     Gourm    +   (no shield)
rNeg     . . .     Faith    .   c - +2 robe {MR+}
rPois    .         Spirit   .   (helmet restricted)
rElec    .         Reflect  .   q - +0 cloak
rCorr    .         Harm     .   (gloves unavailable)
MR       +....                  (boots unavailable)
Stlth    +++.......             (no amulet)
HPRegen  0.63/turn              d - ring of magical power
MPRegen  0.19/turn              l - ring of magical power

@: heroism
A: large, unfitting armour, claws 3, fast metabolism 3, gourmand, regeneration
1, shaggy fur 1, tough skin 3
a: Heroism, Renounce Religion


You were on level 6 of the Dungeon.
You worshipped Okawaru.
Okawaru was pleased with you.
You were full.

You visited 2 branches of the dungeon, and saw 8 of its levels.

You collected 182 gold pieces.

Inventory:

Missiles
 f - 78 stones (quivered)
 n - 15 poisoned darts
Armour
 a - a +0 robe
 c - a +2 robe of magic resistance (worn)
 q - a +0 cloak (worn)
Jewellery
 d - a ring of magical power (left claw)
 j - an uncursed ring of fire
 k - an uncursed ring of teleportation
 l - a ring of magical power (right claw)
Scrolls
 e - 4 scrolls of remove curse
 o - 4 scrolls of identify
Potions
 h - 3 potions of flight
 i - 3 potions of curing
 m - 2 potions of resistance
 p - a potion of might
 r - a potion of magic
Comestibles
 b - 13 rations


   Skills:
 - Level 4.0(9.0) Fighting
 * Level 5.5(10.5) Throwing
 - Level 1.0(6.0) Armour
 - Level 4.0(9.0) Dodging
 - Level 1.0(6.0) Stealth
 * Level 7.0(12.0) Unarmed Combat


You had 7 spell levels left.
You didn't know any spells.
Your spell library contained the following spells:

 Spells                   Type           Power        Failure   Level  Hunger
 Sandblast                Erth           #.....       45%         1    ##.....
 Passwall                 Tmut/Erth      #.......     58%         2    ###....
 Stone Arrow              Conj/Erth      #.....       83%         3    ####...
 Petrify                  Tmut/Erth      #.......     99%         4    #####..
 Lee's Rapid Deconstruct  Erth           #.........   100%        5    ######.


Dungeon Overview and Level Annotations

Branches:
Dungeon (7/15)             Temple (1/1) D:5

Altars:
Ashenzari
Cheibriados
Elyvilon
Fedhas
Hepliaklqana
Kikubaaqudgha
Makhleb
Nemelex Xobeh
Okawaru
Ru
Sif Muna
Uskayaw
Vehumet
Wu Jian
Xom
Yredelemnul
Zin
The Shining One

Shops:
D:4 }


Innate Abilities, Weirdness & Mutations

You are too large for most types of armour.
You have claws for hands.
Your metabolism is lightning-fast.
You like to eat raw meat.
Your natural rate of healing is unusually fast.
You are covered in fur. (AC +1)
You have extremely tough skin. (AC +3)


Message History

* * * LOW HITPOINT WARNING * * *
The orc priest calls down the wrath of Beogh upon you.
You resist with some effort.
The orc warrior hits you but does no damage.
Huge Dmg: -16%(-12hp) hp: 4%(3hp)
You feel better.
The orc priest hits you but does no damage.
The orc warrior misses you.
Okay, then.
You barely miss the orc priest.
The orc priest is lightly wounded.
You scratch the orc priest but do no damage.
The orc priest is lightly wounded.
The orc priest hits you but does no damage.
The orc warrior hits you with a +0 long sword!
* * * LOW HITPOINT WARNING * * *
The orc warrior hits you but does no damage.
The orc priest calls down the wrath of Beogh upon you.
Beogh smites you!
You die...

.... ..... ....#
#... ### .... ....
#_# #..##..# ##'##
#..#..# #...# #.#..#
#...######..).#
#...#.....#.o@## ..
#...#.....##ooo#....
#...#.....##.o.oo...
#...#.........####..
#...#.....###.#
#...#.....# #.#
#...#.....###.#
#...#####.†.#.#
#...# ###.#..# ...


You could see 2 orc warriors, 3 orc priests and 2 orcs.

Vanquished Creatures
  Pikel (D:4)
  A hippogriff (D:5)
  A centaur (D:5)
  3 scorpions
  3 orc priests
  Crazy Yiuf (D:2)
  Jessica (D:2)
  2 orc wizards (D:4)
  An iguana (D:5)
  2 worker ants
  Natasha (thrice) (D:2)
  Terence (D:2)
  A worker ant zombie (D:5)
  Robin (D:2)
  3 gnolls (D:4)
  8 adders
  A shadow imp (D:5)
  An ooze (D:1)
  An adder skeleton (D:5)
  2 worms
  5 leopard geckos
  10 orcs
  5 bats
  7 giant cockroaches
  19 goblins
  13 hobgoblins
  8 jackals
  9 kobolds
  2 quokkas
  3 ball pythons
  4 frilled lizards
  A giant cockroach zombie (D:5)
  A leopard gecko skeleton (D:4)
  8 rats
133 creatures vanquished.

Notes
Turn   | Place    | Note
-------+----------+-------------------------------------------
     0 | D:1      | Lexodia the Troll Monk began the quest for the Orb.
     0 | D:1      | Reached XP level 1. HP: 22/22 MP: 0/0
   131 | D:1      | Reached XP level 2. HP: 29/29 MP: 1/1
   281 | D:1      | Reached skill level 1 in Throwing
   288 | D:1      | Reached XP level 3. HP: 36/36 MP: 2/2
   762 | D:2      | Noticed Natasha
   769 | D:2      | Killed Natasha
   769 | D:2      | Reached XP level 4. HP: 37/44 MP: 3/3
   832 | D:2      | Noticed Terence
   841 | D:2      | Killed Terence
   841 | D:2      | Reached skill level 4 in Unarmed Combat
   898 | D:2      | Found a runed translucent door.
   899 | D:2      | Noticed Crazy Yiuf
   910 | D:2      | Huge Dmg: 9 dmg
   911 | D:2      | Huge Dmg: 16 dmg
   912 | D:2      | Killed Crazy Yiuf
   912 | D:2      | Reached skill level 1 in Armour
   912 | D:2      | Reached XP level 5. HP: 14/52 MP: 4/4
  1016 | D:2      | Noticed Natasha
  1026 | D:2      | Killed Natasha
  1098 | D:2      | Noticed Jessica
  1113 | D:2      | Killed Jessica
  1114 | D:2      | Noticed Natasha
  1160 | D:2      | Killed Natasha
  1179 | D:2      | Noticed Robin
  1187 | D:2      | Huge Dmg: 10 dmg
  1191 | D:2      | Killed Robin
  1283 | D:2      | Reached XP level 6. HP: 60/61 MP: 5/5
  1463 | D:5      | Entered Level 5 of the Dungeon
  1607 | D:3      | Found a blossoming altar of Fedhas.
  1798 | D:4      | Found Lieruxtu's Gadget Shoppe.
  1836 | D:4      | Huge Dmg: 13 dmg
  2060 | D:4      | Reached skill level 5 in Unarmed Combat
  2149 | D:4      | Found an ancient bone altar of Kikubaaqudgha.
  2356 | D:4      | Found a shimmering altar of Xom.
  2446 | D:4      | Reached XP level 7. HP: 55/67 MP: 6/6
  2616 | D:4      | Noticed Pikel
  2628 | D:4      | Huge Dmg: 13 dmg
  2632 | D:4      | Killed Pikel
  2632 | D:4      | Reached skill level 6 in Unarmed Combat
  2632 | D:4      | Reached XP level 8. HP: 49/78 MP: 7/7
  3065 | D:5      | Huge Dmg: 23 dmg
  3093 | D:5      | Found a white marble altar of Elyvilon.
  3093 | D:5      | Found a hazy altar of Hepliaklqana.
  3099 | D:5      | Found a glowing golden altar of the Shining One.
  3101 | D:5      | Found a glowing silver altar of Zin.
  3103 | D:5      | Found a hide-covered altar of Uskayaw.
  3292 | D:5      | Noticed a hippogriff
  3303 | D:5      | Killed a hippogriff
  3303 | D:5      | Reached skill level 5 in Throwing
  3390 | D:5      | Found a staircase to the Ecumenical Temple.
  3543 | Temple   | Entered the Ecumenical Temple
  3576 | Temple   | Became a worshipper of Warmaster Okawaru
  3576 | Temple   | Reached * piety under Okawaru
  3576 | Temple   | Reached ** piety under Okawaru
  3675 | D:6      | Found a deep blue altar of Sif Muna.
  3702 | D:6      | Reached skill level 7 in Unarmed Combat
  3718 | D:6      | Huge Dmg: 12 dmg
  3720 | D:6      | Huge Dmg: 13 dmg
  3721 | D:6      | Huge Dmg: 16 dmg
  3724 | D:6      | Huge Dmg: 7 dmg
  3727 | D:6      | Huge Dmg: 11 dmg
  3728 | D:6      | Huge Dmg: 15 dmg
  3730 | D:6      | Huge Dmg: 4 dmg
  3731 | D:6      | HP: 3/78 [orc warrior/+0 long sword (12)]
  3732 | D:6      | Huge Dmg: 12 dmg
  3734 | D:6      | Killed from afar by an orc priest

Levels and vault maps discovered:
D:1:      lightli_arrival_statuegarden, layout_loops_ring
D:2:      layout_rooms, due_unseen_surprise, uniq_natasha, uniq_jessica,
          uniq_crazy_yiuf_cottage, uniq_robin, uniq_terence
D:3:      layout_rooms, st_stairs_3, fedhas_altar_1
D:4:      layout_cave_pods, marbit_many_paths, kennysheep_mini, serial_shops,
          shop, bh_walls_and_bars, uniq_pikel
D:5:      layout_basic, chequers_temple_overflow_minitemple, temple_hall,
          first_ration
D:6:      layout_rooms, lemuel_blue_sif_altar, uniq_prince_ribbit1
D:7:      layout_basic
Temple:   eino_wide_crystal_templ

Skill      XL: |  1  2  3  4  5  6  7  8 |
---------------+-------------------------+-----
Throwing       | 1 2 3 4 5 |  5.5
Unarmed Combat | 4 5 6 7 |  7.0
Armour         | 1 |  1.0
Dodging        | 3 4 |  4.0
Fighting       | 3 4 |  4.0
Stealth        | |  1.0

Action                   |  1- 3 |  4- 6 |  7- 9 || total
-------------------------+-------+-------+-------++-------
Melee: Unarmed           |    78 |   188 |    81 ||   347
       Punch             |     2 |     2 |     2 ||     6
Throw: Stone             |       |    13 |       ||    13
Invok: Heroism           |       |       |     2 ||     2
  Use: Potion            |       |     3 |     5 ||     8
       Scroll            |       |     9 |     3 ||    12
 Stab: Sleeping          |     1 |     3 |       ||     4
       Invisible         |       |       |     2 ||     2
  Eat: Chunk             |    12 |    15 |    10 ||    37
Armor: Robe              |    28 |    66 |    25 ||   119
Dodge: Dodged            |    39 |   158 |    56 ||   253

Table legend:
 A = Non-vault XP
 B = Vault XP
 C = Vault XP percentage of total XP
 D = Non-vault monster count
 E = Vault monster count
 F = Vault count percentage of total count
                 A         B        C        D         E       F
            +---------+---------+-------+---------+---------+-------
      Total |    1281 |     814 |  38.9 |     113 |      20 |  15.0
            +---------+---------+-------+---------+---------+-------
        D:1 |      66 |       0 |   0.0 |      33 |       0 |   0.0
        D:2 |     146 |     180 |  55.2 |      25 |      16 |  39.0
        D:3 |      49 |      14 |  22.2 |      14 |       2 |  12.5
        D:4 |     436 |     620 |  58.7 |      26 |       2 |   7.1
        D:5 |     472 |       0 |   0.0 |      10 |       0 |   0.0
        D:6 |     112 |       0 |   0.0 |       5 |       0 |   0.0
            +---------+---------+-------+---------+---------+-------
